 Dungeon Crawl Stone Soup version 0.26-a0-84-g8c18429211 (webtiles) character file.

Game seed: 6819622235534317000

725 Error4North the Blocker (level 7, -6/100 HPs)
             Began as a Minotaur Fighter on June 16, 2020.
             Mangled by an ogre
             ... wielding a +0 giant club
              (23 damage)
             ... on level 4 of the Dungeon on June 17, 2020.
             The game lasted 00:10:33 (2630 turns).

Error4North the Blocker (Minotaur Fighter)          Turns: 2630, Time: 00:10:33

Health: -6/100     AC: 13    Str: 20    XL:     7   Next: 43%
Magic:  9/9        EV:  9    Int:  7    God:
Gold:   108        SH: 11    Dex: 16    Spells: 10/10 levels left

rFire    . . .     SeeInvis .   a - +0 long sword
rCold    . . .     Gourm    .   c - +0 kite shield
rNeg     . . .     Faith    .   C - +0 chain mail
rPois    .         Spirit   .   (helmet restricted)
rElec    .         Reflect  .   (no cloak)
rCorr    .         Harm     .   (no gloves)
MR       .....                  p - +1 pair of boots
Stlth    ..........             x - amulet of magic regeneration
HPRegen  0.26/turn              k - +6 ring of dexterity
MPRegen  0.36/turn              v - ring of attention (curse)

@: berserking, very quick
A: retaliatory headbutt, horns 2
a: no special abilities


You were on level 4 of the Dungeon.
You were not hungry.

You visited 1 branch of the dungeon, and saw 4 of its levels.

You collected 108 gold pieces.

Inventory:

Hand Weapons
 a - a +0 long sword (weapon)
 F - a +0 hunting sling
Missiles
 m - 99 stones (quivered)
 r - 49 sling bullets
Armour
 c - a +0 kite shield (worn)
 p - a +1 pair of boots (worn)
 C - a +0 chain mail (worn)
Jewellery
 k - a +6 ring of dexterity (left hand)
 v - a cursed ring of attention (right hand)
 x - an amulet of magic regeneration (around neck)
Wands
 D - a wand of iceblast (9)
Scrolls
 b - a scroll of enchant armour {unknown}
 l - 8 scrolls of identify {unknown}
 n - a scroll of random uselessness {unknown}
 o - 2 scrolls of teleportation {unknown}
 q - 5 scrolls of remove curse {unknown}
 u - a scroll of immolation {unknown}
 w - a scroll of magic mapping {unknown}
 y - a scroll of fear {unknown}
 E - a scroll of amnesia {unknown}
Potions
 d - a potion of might
 g - a potion of curing {unknown}
 h - a potion of lignification {unknown}
 i - a potion of berserk rage
 j - 3 potions of magic {unknown}
 t - a potion of brilliance {unknown}
 z - 2 potions of heal wounds {unknown}
 B - a potion of haste {unknown}
Comestibles
 f - 9 rations
 A - 9 chunks of flesh


   Skills:
 * Level 7.6 Fighting
 + Level 5.9 Long Blades
 + Level 3.4 Slings
 * Level 7.4 Armour
 * Level 5.5 Dodging
 + Level 2.8 Stealth
 * Level 8.0 Shields
 + Level 2.0 Spellcasting
   Level 3.0 Invocations
 + Level 2.6 Evocations


You had 10 spell levels left.
You didn't know any spells.
Your spell library was empty.

Dungeon Overview and Level Annotations

Branches:
Dungeon (4/15)
 Temple: D:4-7

Altars:
Dithmenos
Fedhas
Qazlal
Xom


Innate Abilities, Weirdness & Mutations

You reflexively headbutt those who attack you in melee.
You have a pair of horns on your head.


Message History

It was a potion of berserk rage.
A red film seems to cover your vision as you go berserk!
You feel yourself moving faster!
You feel mighty! The orc priest barely misses you.
You slash the orc priest!
The orc priest is heavily wounded.
You block the orc priest's attack.
You slash the orc priest!
You kill the orc priest!
You completely miss the ogre. You completely miss the ogre.
You block the ogre's attack.
You hit the ogre.
The ogre is moderately wounded.
You block the ogre's attack.
You barely miss the ogre. You headbutt the ogre!
The ogre is heavily wounded.
You hit the ogre.
The ogre is almost dead.
The ogre hits you with a +0 giant club!!
You die...

#.#
#####.........
#.# #..#.####.
###.# ##...#
#...# #...[
#.### ##.##.#
#.# #.# .. #.#
#.# ## #.# #.#
#.# #@#
#.####### #O#
#.#.....#####o##
#..............#
###.###.#####(.#
#.# #.# #..# #.#
#.#####..### #.#
#.....(....# #.#
#######..#O#


You could see an ogre and an orc.

Vanquished Creatures
  A bullfrog zombie (D:3)
  A jelly (D:3)
  2 orc priests
  3 orc wizards
  A gnoll (D:1)
  5 adders
  3 worms
  4 dart slugs
  4 leopard geckos
  12 orcs
  11 bats
  3 giant cockroaches
  9 goblins
  8 hobgoblins
  8 jackals
  6 kobolds
  3 quokkas (D:3)
  2 ball pythons
  5 frilled lizards
  5 rats
96 creatures vanquished.

Vanquished Creatures (others)
  A hobgoblin (D:3)
1 creature vanquished.

Grand Total: 97 creatures vanquished

Notes
Turn   | Place    | Note
-------+----------+-------------------------------------------
     0 | D:1      | Error4North the Minotaur Fighter began the quest for the
                  | Orb.
     0 | D:1      | Reached XP level 1. HP: 19/19 MP: 0/0
   444 | D:1      | Reached XP level 2. HP: 27/27 MP: 1/1
   657 | D:1      | Reached skill level 4 in Shields
   800 | D:1      | Reached XP level 3. HP: 33/33 MP: 2/2
  1115 | D:2      | Reached skill level 1 in Dodging
  1486 | D:2      | Reached XP level 4. HP: 37/40 MP: 3/3
  1662 | D:2      | Found a blossoming altar of Fedhas.
  1662 | D:2      | Found a shimmering altar of Xom.
  1954 | D:3      | Reached XP level 5. HP: 46/47 MP: 4/4
  1964 | D:3      | Upgraded the game from 0.26-a0-83-g7ccd015ce0 to
                  | 0.26-a0-84-g8c18429211
  1967 | D:3      | Found a shadowy altar of Dithmenos.
  2104 | D:3      | Found a stormy altar of Qazlal.
  2162 | D:3      | Reached skill level 5 in Shields
  2194 | D:3      | Reached XP level 6. HP: 43/55 MP: 5/5
  2481 | D:4      | Reached skill level 5 in Fighting
  2616 | D:4      | Reached skill level 5 in Long Blades
  2616 | D:4      | Reached skill level 5 in Dodging
  2616 | D:4      | Reached skill level 8 in Shields
  2616 | D:4      | Reached XP level 7. HP: 21/67 MP: 5/9
  2630 | D:4      | Mangled by an ogre

Illustrated notes

Levels and vault maps discovered:
D:1:      sevenhm_arrival_forest_fort_small_4, layout_loops_corners
D:2:      layout_loops_corners, gammafunk_temple_overflow_elements,
          first_ration, minmay_domino_2
D:3:      minmay_spotlight, layout_rooms, old_standard_altar,
          nicolae_dithmenos_through_a_glass_darkly
D:4:      layout_loops_ring, kennysheep_mini_moat,
          eat_drink_and_be_merry_uskayaw, minmay_manual_mail

Skill      XL: |  1  2  3  4  5  6 |
---------------+-------------------+-----
Fighting       | 4 7 |  7.6
Armour         | 4 7 |  7.4
Shields        | 4 5 8 |  8.0
Dodging        | 1 5 |  5.5
Long Blades    | 3 4 5 |  5.9
Slings         | 3 |  3.4
Stealth        | 2 |  2.8
Spellcasting   | 2 |  2.0
Invocations    | 3 |  3.0
Evocations     | 2 |  2.6

Action                   |  1- 3 |  4- 6 |  7- 9 || total
-------------------------+-------+-------+-------++-------
Melee: Long sword        |    78 |   132 |    12 ||   222
       Headbutt          |    13 |    34 |     2 ||    49
 Fire: Hunting sling     |       |     2 |       ||     2
Throw: Stone             |     1 |     1 |       ||     2
  Use: Potion            |       |     1 |     2 ||     3
  Eat: Chunk             |     2 |     4 |       ||     6
Armor: Scale mail        |    21 |    31 |       ||    52
       Chain mail        |       |    44 |     2 ||    46
Dodge: Dodged            |    17 |    45 |     3 ||    65
Block: Kite shield       |    40 |    97 |     5 ||   142
       Rpst.: Long sword |     6 |    15 |       ||    21

Table legend:
 A = Non-vault XP
 B = Vault XP
 C = Vault XP percentage of total XP
 D = Non-vault monster count
 E = Vault monster count
 F = Vault count percentage of total count
                 A         B        C        D         E       F
            +---------+---------+-------+---------+---------+-------
      Total |     516 |      41 |   7.4 |      86 |      10 |  10.4
            +---------+---------+-------+---------+---------+-------
        D:1 |      45 |       0 |   0.0 |      17 |       0 |   0.0
        D:2 |      66 |       2 |   2.9 |      20 |       1 |   4.8
        D:3 |     259 |      39 |  13.1 |      38 |       9 |  19.1
        D:4 |     146 |       0 |   0.0 |      11 |       0 |   0.0
            +---------+---------+-------+---------+---------+-------
